 Dungeon Crawl Stone Soup version 0.20.1-1-g8b1a95d (webtiles) character file.

27391 wnhky the Geomancer (level 13, -13/79 HPs)
             Began as a Gargoyle Earth Elementalist on Oct 9, 2017.
             Was an Elder of Vehumet.
             Mangled by a minotaur
             ... wielding a +0 war axe
              (39 damage)
             ... in a labyrinth.
             The game lasted 01:06:39 (20931 turns).

wnhky the Geomancer (Gargoyle Earth Elementalist)  Turns: 20931, Time: 01:06:39

Health: -13/79     AC: 13    Str: 13    XL:     13   Next: 32%
Magic:  23/35      EV: 15    Int: 17    God:    Vehumet [****..]
Gold:   255        SH:  0    Dex: 13    Spells: 8/31 levels left

rFire    + . .     SeeInvis +   n - +4 morningstar of Valiance {freeze, SInv}
rCold    . . .     Gourm    .   (no shield)
rNeg     + . .     Faith    .   c - +0 robe
rPois    ∞         Spirit   .   (no helmet)
rElec    +         Reflect  .   q - +0 cloak
rCorr    .         Harm     .   (no gloves)
MR       .....                  P - +0 pair of boots
Stlth    +++.......             (no amulet)
Regen    0.3/turn               m - ring of magical power
MPRegen  0.3/turn               z - ring of protection from fire

@: hasted, very quick
A: negative energy resistance 1, electricity resistance, unbreathing,
petrification resistance, rot immunity, AC +9
a: Renounce Religion


You were in a labyrinth.
You worshipped Vehumet.
Vehumet was greatly pleased with you.
You were not hungry.

You visited 3 branches of the dungeon, and saw 15 of its levels.
You also visited: Labyrinth, Ossuary and Ice Cave.

You collected 674 gold pieces.
You spent 419 gold pieces at shops.

Inventory:

Hand Weapons
 n - the +4 morningstar of Valiance (weapon) {freeze, SInv}
   (You bought it in a shop on level 7 of the Dungeon)

   It has been specially enchanted to freeze those struck by it, causing extra
   injury to most foes and up to half again as much damage against particularly
   susceptible opponents.
   It can also slow down cold-blooded creatures.
   It lets you see invisible.
 L - a +1 mace of protection
Missiles
 b - 229 stones (quivered)
Armour
 c - a +0 robe (worn)
 q - a +0 cloak (worn)
 P - a +0 pair of boots (worn)
Magical Staves
 G - an uncursed staff of power
Jewellery
 m - a ring of magical power (left hand)
 z - a ring of protection from fire (right hand)
Wands
 i - a wand of paralysis (11/24)
 J - a wand of digging (6/24)
 R - a wand of digging (12/24)
Scrolls
 a - 6 scrolls of teleportation
 h - 5 scrolls of amnesia
 j - 4 scrolls of random uselessness {unknown}
 p - 2 scrolls of immolation
 r - a scroll of fog {unknown}
 t - 4 scrolls of remove curse {unknown}
 u - 2 scrolls of blinking {unknown}
 v - 2 scrolls of recharging {unknown}
 y - 2 scrolls of noise
 A - a scroll of silence {unknown}
 B - a scroll of vulnerability {unknown}
 C - a scroll of torment {unknown}
 E - a scroll of summoning {unknown}
 I - a scroll of fear
 M - 2 scrolls of holy word {unknown}
 S - a scroll of acquirement {unknown}
 V - a scroll of enchant armour {unknown}
 X - 3 scrolls of identify
Potions
 f - 3 potions of flight
 k - 3 potions of ambrosia
 l - 2 potions of cancellation {unknown}
 o - a potion of haste
 s - 3 potions of invisibility
 w - 4 potions of brilliance
 x - 2 potions of might
 D - 2 potions of resistance
 F - 3 potions of curing
 H - a potion of agility {unknown}
 N - a potion of mutation {unknown}
 T - a potion of lignification {unknown}
Books
 e - a book of the Warp

   Spells                             Type                      Level
   a - Gell's Gravitas                Translocation                3
   b - Portal Projectile              Hexes/Translocation          3
   c - Force Lance                    Conjuration/Translocation    4
   d - Dispersal                      Translocation                6
   e - Controlled Blink               Translocation                8
   f - Disjunction                    Translocation                8
Comestibles
 d - 7 bread rations
 g - 7 meat rations
 Q - 2 fruits


   Skills:
 + Level 8.4 Fighting
 + Level 7.5 Maces & Flails
 + Level 6.3 Dodging
 - Level 5.0 Stealth
 * Level 9.7 Spellcasting
 * Level 10.8 Conjurations
 - Level 0.7 Transmutations
 * Level 12.8 Earth Magic


You had 8 spell levels left.
You knew the following spells:

 Your Spells              Type           Power        Failure   Level  Hunger
a - Sandblast             Erth           ######       1%          1    None
b - Passwall              Tmut/Erth      ####......   1%          2    None
c - Stone Arrow           Conj/Erth      #####.       1%          3    None
d - Petrify               Tmut/Erth      ####....     5%          4    ###....
e - Lee's Rapid Deconstr  Erth           ######....   1%          5    #####..
f - Dazzling Spray        Conj/Hex       ####..       1%          3    None
g - Shroud of Golubria    Chrm/Tloc      #.........   13%         2    None
h - Conjure Flame         Conj/Fire      ####....     1%          3    None


Dungeon Overview and Level Annotations

Branches:
Dungeon (10/15)            Temple (1/1) D:6            Lair (4/6) D:10
  Swamp (0/4) Lair:4       Spider (0/4) Lair:4
    Orc: D:9-12

Altars:
Ashenzari
Cheibriados
Dithmenos
Elyvilon
Fedhas
Gozag
Hepliaklqana
Kikubaaqudgha
Makhleb
Nemelex Xobeh
Okawaru
Qazlal
Ru
Sif Muna
Trog
Uskayaw
Vehumet
Xom
Yredelemnul
Zin
The Shining One

Shops:
D:5 =   D:7 (}:(   D:8 %   D:10 :![[

Annotations:
D:4 ThereIsNoGod's ghost, novice TrFi


Innate Abilities, Weirdness & Mutations

You are resistant to torment.
Your stone body is resilient. (AC +9)
You are immune to poison.
You resist negative energy. (rN+)
You are resistant to electric shocks. (rElec)
You can survive without breathing.
You are immune to petrification.
You are immune to rotting.


Message History

Press: ? - help, Shift-Dir - straight line, f - minotaur
Aim: a minotaur, wielding a war axe, wearing runed fire dragon scales and wearing a square citrine amulet (chance to defeat MR: 26%)
The minotaur easily resists.
The minotaur hits you with a war axe!!
The minotaur gores you but does no damage.
Casting: Petrify
Confirm with . or Enter, or press ? or * to list all spells.
Aiming: Petrify
Press: ? - help, Shift-Dir - straight line, f/p - minotaur
Aim: a minotaur, wielding a war axe, wearing runed fire dragon scales and wearing a square citrine amulet (chance to defeat MR: 26%)
The minotaur easily resists.
The minotaur evokes its amulet.
The minotaur goes berserk!
Casting: Petrify
Confirm with . or Enter, or press ? or * to list all spells.
Aiming: Petrify
Press: ? - help, Shift-Dir - straight line, f/p - minotaur
Aim: a minotaur, wielding a war axe, wearing runed fire dragon scales and wearing an amulet of rage (berserk, fast, unusually strong, chance to defeat MR: 26%)
The minotaur easily resists.
The minotaur hits you with a war axe!! The minotaur closely misses you.
You feel yourself speed up. The minotaur hits you with a war axe!!!
You die...

# ....... .#
## ##
###..####
#...... ....#
#.## #####. #
#.# ..#.... #
#.# # .# #.#
#.# . .#
#.######.#..
#
#...@H...#..#
##########..#


You could see a minotaur (berserk).

Vanquished Creatures
  A hydra (Lair:2)
  A catoblepas (Lair:3)
  3 two-headed ogres
  2 ugly things (IceCv)
  Pikel (D:5)
  2 ice statues (IceCv)
  Joseph (D:9)
  A torpor snail (Lair:2)
  2 black mambas
  8 spiny frogs
  A gargoyle (D:10)
  6 komodo dragons
  A rime drake (Lair:1)
  2 ice devils (Lair:3)
  Prince Ribbit (D:6)
  Grinder (D:3)
  11 blink frogs (Lair:3)
  3 dream sheep (Lair:2)
  8 hippogriffs
  A spriggan (D:7)
  15 yaks
  3 wyverns
  3 basilisks
  Menkaure (D:6)
  3 wargs (D:10)
  7 water moccasins
  4 porcupines
  7 orc warriors
  5 sky beasts
  9 ice beasts
  2 slaves (D:5)
  A phantom (D:4)
  5 wolves (Lair:3)
  5 ogres
  6 centaurs
  7 crocodiles
  Blork the orc (D:6)
  7 bullfrogs
  2 gnoll sergeants
  A wyvern skeleton (D:9)
  3 scorpions
  6 killer bees
  3 wights (D:9)
  7 howler monkeys
  A centaur zombie (D:6)
  4 crimson imps
  2 quasits
  8 orc priests
  4 hounds
  4 jellies
  14 orc wizards
  An iguana (D:6)
  2 bullfrog skeletons
  5 worker ants
  4 mummies
  3 hound skeletons
  A howler monkey skeleton (D:7)
  9 gnolls
  12 adders
  3 shadow imps
  4 adder zombies
  An adder skeleton (D:9)
  A worm (D:2)
  A dart slug (D:3)
  6 leopard geckos
  30 orcs
  A ball python (D:7)
  3 giant cockroaches
  A gnoll zombie (Ossuary)
  8 goblins
  7 hobgoblins
  10 jackals
  2 quokkas
  6 bats
  6 frilled lizards
  4 goblin zombies (Ossuary)
  4 hobgoblin zombies (Ossuary)
  3 kobolds
  6 quokka zombies (Ossuary)
  8 rats
359 creatures vanquished.

Vanquished Creatures (others)
  A worker ant (D:5)
  4 fungi
  A plant (Lair:3)
6 creatures vanquished.

Grand Total: 365 creatures vanquished

Notes
Turn   | Place    | Note
-------+----------+-------------------------------------------
     0 | D:1      | wnhky the Gargoyle Earth Elementalist began the quest for the Orb.
     0 | D:1      | Reached XP level 1. HP: 10/10 MP: 3/3
   564 | D:1      | Reached XP level 2. HP: 15/15 MP: 5/5
   568 | D:1      | Learned a level 2 spell: Passwall
   800 | D:1      | Found a snail-covered altar of Cheibriados.
   802 | D:1      | Found a snail-covered altar of Cheibriados.
   802 | D:1      | Found a white marble altar of Elyvilon.
   804 | D:1      | Found a shimmering altar of Xom.
   804 | D:1      | Found a shimmering altar of Xom.
   804 | D:1      | Found a stormy altar of Qazlal.
   902 | D:2      | Reached skill level 1 in Fighting
  1021 | D:2      | Reached XP level 3. HP: 17/20 MP: 6/6
  1026 | D:2      | Learned a level 3 spell: Stone Arrow
  1047 | D:2      | Reached skill level 4 in Earth Magic
  1275 | D:2      | Reached XP level 4. HP: 21/25 MP: 5/7
  1295 | D:2      | Reached skill level 1 in Maces & Flails
  1356 | D:2      | Found a faded altar of an unknown god.
  2179 | D:3      | Reached XP level 5. HP: 20/30 MP: 9/9
  2461 | D:3      | Noticed Grinder
  2475 | D:3      | Paralysed by Grinder for 7 turns
  2493 | D:3      | Paralysed by Grinder for 3 turns
  2504 | D:3      | Paralysed by Grinder for 4 turns
  2758 | D:3      | Paralysed by Grinder for 3 turns
  2765 | D:3      | Killed Grinder
  2765 | D:3      | Reached skill level 5 in Earth Magic
  2765 | D:3      | Reached XP level 6. HP: 15/36 MP: 10/11
  2908 | D:3      | Learned a level 4 spell: Petrify
  2976 | D:4      | Noticed ThereIsNoGod's ghost (novice TrFi)
  3711 | D:4      | Found an ancient bone altar of Kikubaaqudgha.
  3840 | D:4      | Reached XP level 7. HP: 24/41 MP: 12/12
  5406 | D:5      | Entered Level 5 of the Dungeon
  5771 | D:5      | Found Keud's Jewellery Shop.
  5886 | D:5      | Reached skill level 1 in Conjurations
  5886 | D:5      | Reached skill level 6 in Earth Magic
  6347 | D:5      | Noticed Pikel
  6353 | D:5      | Killed Pikel
  6353 | D:5      | Reached XP level 8. HP: 48/48 MP: 4/14
  6969 | D:5      | Reached skill level 7 in Earth Magic
  7155 | D:6      | Noticed Blork the orc
  7197 | D:6      | Learned a level 5 spell: Lee's Rapid Deconstruction
  7207 | D:6      | Killed Blork the orc
  7207 | D:6      | Reached skill level 5 in Spellcasting
  7506 | D:6      | Reached XP level 9. HP: 18/52 MP: 3/16
  7570 | D:6      | Noticed Prince Ribbit
  7681 | D:6      | Noticed Menkaure
  7705 | D:6      | Killed Menkaure
  7705 | D:6      | Reached skill level 5 in Stealth
  7760 | D:6      | Found a staircase to the Ecumenical Temple.
  7767 | Temple   | Entered the Ecumenical Temple
  7936 | Temple   | Became a worshipper of Vehumet
  7968 | D:6      | Found a shadowy altar of Dithmenos.
  8209 | D:6      | Killed Prince Ribbit
  8804 | D:7      | Reached skill level 8 in Earth Magic
  8898 | D:7      | Reached skill level 5 in Conjurations
  9109 | D:7      | Found Manihal's Book Shop.
  9124 | D:7      | Found Qiusaptyob's Antique Weapon Shop.
  9129 | D:7      | Bought a fine morningstar for 225 gold pieces
  9134 | D:7      | Identified the +4 morningstar of Valiance {freeze, SInv} (You bought it in a shop on level 7 of the Dungeon)
  9151 | D:7      | Reached skill level 5 in Fighting
  9633 | D:7      | Found Racwerho's Gadget Shoppe.
  9781 | D:7      | Reached XP level 10. HP: 42/59 MP: 19/19
  9988 | D:7      | Found Mikluq's Weapon Boutique.
  9993 | D:7      | Bought 12 stones for 12 gold pieces
 10408 | D:8      | Found Heaqezoc's Food Emporium.
 10452 | D:8      | Found a sand-covered staircase.
 10459 | Ossuary  | Entered an ossuary
 10516 | Ossuary  | Reached * piety under Vehumet
 10516 | Ossuary  | Offered knowledge of Shock by Vehumet.
 11002 | D:8      | Noticed a two-headed ogre
 11011 | D:8      | Killed a two-headed ogre
 11011 | D:8      | Reached skill level 9 in Earth Magic
 11373 | D:8      | Found a burning altar of Makhleb.
 11622 | D:9      | Noticed Joseph
 11632 | D:9      | Killed Joseph
 11873 | D:9      | Reached skill level 5 in Maces & Flails
 12212 | D:9      | Offered knowledge of Throw Frost by Vehumet.
 12224 | D:9      | Reached ** piety under Vehumet
 12282 | D:9      | Noticed a two-headed ogre
 12288 | D:9      | Killed a two-headed ogre
 12288 | D:9      | Reached skill level 10 in Earth Magic
 12288 | D:9      | Reached XP level 11. HP: 49/64 MP: 8/22
 13214 | D:10     | Entered Level 10 of the Dungeon
 13628 | D:10     | Found Tawi's Distillery.
 13655 | D:10     | Bought a potion of might for 52 gold pieces
 13655 | D:10     | Bought 2 potions of heal wounds for 130 gold pieces
 13772 | D:10     | Offered knowledge of Dazzling Spray by Vehumet.
 14122 | D:10     | Found Ythran's Antique Armour Emporium.
 14143 | D:10     | Reached *** piety under Vehumet
 14177 | D:10     | Reached skill level 5 in Dodging
 14198 | D:10     | Noticed a two-headed ogre
 14217 | D:10     | Killed a two-headed ogre
 14267 | D:10     | Found Piggial's Armour Shoppe.
 14455 | D:10     | Learned a level 3 spell: Dazzling Spray
 14512 | D:10     | Found a staircase to the Lair.
 14566 | D:10     | Found Tusad's Book Shop.
 15063 | D:10     | Offered knowledge of Static Discharge by Vehumet.
 15080 | Lair:1   | Entered Level 1 of the Lair of Beasts
 15249 | Lair:1   | Reached skill level 11 in Earth Magic
 15525 | Lair:1   | Reached XP level 12. HP: 72/72 MP: 22/24
 15540 | Lair:1   | Learned a level 2 spell: Shroud of Golubria
 15915 | Lair:1   | Found an opulent altar of Gozag.
 16774 | Lair:2   | Noticed an eight-headed hydra
 16782 | Lair:2   | Killed an eight-headed hydra
 16941 | Lair:2   | Reached **** piety under Vehumet
 17131 | Lair:2   | HP: 1/72 [hippogriff (4)]
 17701 | Lair:3   | Offered knowledge of Conjure Flame by Vehumet.
 17701 | Lair:3   | Reached skill level 10 in Conjurations
 17706 | Lair:3   | Learned a level 3 spell: Conjure Flame
 17769 | Lair:3   | Found a frozen archway.
 17794 | Lair:3   | Reached skill level 12 in Earth Magic
 18013 | IceCv    | Entered an ice cave
 18166 | IceCv    | Found a transporter.
 18672 | Lair:3   | Reached XP level 13. HP: 78/78 MP: 25/26
 19837 | Lair:4   | Found a labyrinth entrance.
 19849 | Lab      | Entered a labyrinth
 20922 | Lab      | Noticed a minotaur
 20931 | Lab      | Mangled by a minotaur

Skill      XL: |  1  2  3  4  5  6  7  8  9 10 11 12 |
---------------+-------------------------------------+-----
Fighting       | 1 2 3 4 5 6 7 8 |  8.4
Earth Magic    | 4 5 6 7 8 10 11 12 | 12.8
Maces & Flails | 1 2 3 4 5 6 7 |  7.5
Dodging        | 2 3 4 5 6 |  6.3
Stealth        | 3 4 5 |  5.0
Spellcasting   | 3 4 5 6 7 8 9 |  9.7
Conjurations   | 2 3 5 7 9 10 | 10.8
Transmutations | |  0.7

Action                   |  1- 3 |  4- 6 |  7- 9 | 10-12 | 13-15 || total
-------------------------+-------+-------+-------+-------+-------++-------
Melee: Unarmed           |    23 |       |       |       |       ||    23
       Club              |    79 |    85 |       |       |       ||   164
       Mace              |       |   129 |    83 |   144 |       ||   356
       Whip              |       |       |   172 |       |       ||   172
       Morningstar       |       |       |    56 |   221 |    30 ||   307
 Cast: Sandblast         |    14 |    35 |    34 |    24 |       ||   107
       Stone Arrow       |       |     7 |    92 |   248 |    54 ||   401
       Passwall          |       |     1 |     2 |       |       ||     3
       Lee's Rapid Decon |       |       |       |    50 |     4 ||    54
       Petrify           |       |       |       |     1 |     5 ||     6
       Shroud of Golubri |       |       |       |     1 |       ||     1
       Dazzling Spray    |       |       |       |       |     4 ||     4
Evoke: Wand              |       |       |       |       |     4 ||     4
  Use: Potion            |       |     1 |     2 |     3 |     1 ||     7
       Scroll            |       |       |     5 |     8 |     4 ||    17
 Stab: Distracted        |       |     1 |       |       |       ||     1
       Sleeping          |       |     2 |     5 |    11 |       ||    18
       Petrified         |       |       |       |       |     5 ||     5
       Invisible         |       |       |       |       |     1 ||     1
  Eat: Chunk             |     1 |     8 |    11 |    31 |     1 ||    52
       Fruit             |       |     1 |     1 |       |       ||     2
       Bread ration      |       |       |     2 |       |       ||     2
       Royal jelly       |       |       |     1 |     3 |       ||     4
       Meat ration       |       |       |     1 |     2 |     1 ||     4
Armor: Robe              |    46 |    94 |   133 |   264 |    19 ||   556
Dodge: Dodged            |    92 |   228 |   257 |   375 |    34 ||   986
